 Dungeon Crawl Stone Soup version 0.31-a0-180-g519b7de00c (webtiles) character file.

Game seed: 14034980231892044233

49 BlueFish the Charlatan (level 3, -2/29 HPs)
             Began as a Draconian Artificer on June 18, 2023.
             Killed from afar by Natasha (10 damage)
             ... with a magic dart
             ... on level 2 of the Dungeon on June 19, 2023.
             The game lasted 00:03:14 (1071 turns).

BlueFish the Charlatan (Draconian Artificer)        Turns: 1071, Time: 00:03:15

Health: -2/29      AC:  5    Str: 14    XL:     3   Next: 51%
Magic:  3/3        EV: 12    Int: 13    God:
Gold:   37         SH:  0    Dex: 11    Spells: 2/2 levels left

rFire   . . .        g - +0 short sword
rCold   . . .        (no shield)
rNeg    . . .        (body armour unavailable)
rPois   .            (helmet restricted)
rElec   .            (no cloak)
rCorr   .            (no gloves)
SInv    .            (no boots)
Will    .....        (no amulet)
Stlth   ++           (no ring)
HPRegen 0.24/turn    (no ring)
MPRegen 0.08/turn

%: no passive effects
@: no status effects
A: AC +5, unfitting armour, cold-blooded
a: no special abilities


You were on level 2 of the Dungeon.
You visited 1 branch of the dungeon, and saw 2 of its levels.

You collected 37 gold pieces.

Inventory:

Hand Weapons
 a - a +0 club
 f - a +0 spear
 g - a +0 short sword (weapon)
Wands
 b - a wand of flame (15) (quivered)
 c - a wand of charming (14)
 d - a wand of iceblast (5)
Scrolls
 e - a scroll of enchant weapon {unknown}
 h - a scroll of identify {unknown}


   Skills:
 + Level 2.1 Fighting
 + Level 2.6 Dodging
 + Level 1.7 Stealth
 + Level 3.4 Evocations


You had 2 spell levels left.
You didn't know any spells.
Your spell library was empty.

Dungeon Overview and Level Annotations

Branches:
Dungeon (2/15)

Altars:

Shops:
D:1 :

Annotations:
D:2 Natasha


Innate Abilities, Weirdness & Mutations

Your plain brown scales are hard. (AC +5)
You cannot fit into any form of body armour.
You are cold-blooded and may be slowed by cold attacks.


Message History

The adder is severely wounded.
Natasha mumbles some strange words.
The adder bites you.
You closely miss the adder.
The adder is severely wounded.
The adder barely misses you.
You hit the adder.
Your tail-slap misses the adder.
The adder is severely wounded.
The adder bites you. x2
You hit the adder.
The adder is almost dead.
The adder misses you.
You completely miss the adder.
The adder is almost dead.
The adder barely misses you. Natasha barely misses you.
You hit the adder.
You kill the adder!
The bat misses you. Natasha casts a spell at you. The magic dart hits you!
The cerulean imp hits you but does no damage.
The bat hits you but does no damage. Natasha barely misses you.
The bat closely misses you.
The cerulean imp hits you from afar with a +0 spear.
You hit Natasha.
Your tail-slap misses Natasha.
Natasha is lightly wounded.
The bat barely misses you.
Natasha howls an incantation.
You feel troubled. Natasha claws you!
* * * LOW HITPOINT WARNING * * *
The cerulean imp barely misses you.
Aiming: Charm
Press: ? - help, Shift-Dir - straight line, f - Natasha
Aim: Natasha (lightly wounded, chance to affect: 58%) Natasha resists with significant effort.
The bat barely misses you.
Natasha stares at you and mumbles some strange words.
The magic dart hits you!
You die...

#### #. ...# #.. ##.# #.#
.#†# #.# ########### .#.#
######.###.h5......# .#.#
#....#....@#.......#
.#.####....#.....#.......#
'#.#.......#....b#........
...........'.....#........
...........##....#........
............+....##.......
........#####.............
.......... ........
........... .........


You could see Natasha, a cerulean imp (summoned) and a bat.

Vanquished Creatures
  An adder (D:2)
  3 dart slugs
  3 ball pythons (D:1)
  5 endoplasms
  2 giant cockroaches
  2 goblins (D:2)
  6 hobgoblins (D:1)
  3 bats (D:1)
  A frilled lizard (D:1)
  2 kobolds (D:1)
  2 rats (D:1)
30 creatures vanquished.

Notes
Turn   | Place    | Note
-------+----------+-------------------------------------------
     0 | D:1      | BlueFish the Draconian Artificer began the quest for the
                  | Orb.
     0 | D:1      | Reached XP level 1. HP: 16/16 MP: 1/1
    47 | D:1      | Reached skill level 1 in Stealth
   153 | D:1      | Reached XP level 2. HP: 8/23 MP: 2/2
   257 | D:1      | Upgraded the game from 0.31-a0-175-g9f7f995f2b to
                  | 0.31-a0-180-g519b7de00c
   702 | D:1      | Found Tacluwkayd's Book Boutique.
   790 | D:1      | Reached XP level 3. HP: 28/29 MP: 3/3
  1058 | D:2      | Noticed Natasha
  1071 | D:2      | Killed from afar by Natasha

Illustrated notes

Levels and vault maps discovered:
D:1:      dpeg_arrival_pits, layout_basic, serial_shops, shop, serial_forest,
          infiniplex_forest_zigzag_1, infiniplex_forest_side_room,
          infiniplex_forest_lined_3, infiniplex_forest_lined_corner,
          infiniplex_forest_lined_2, hangedman_decor_riveting,
          minmay_misc_feat_five
D:2:      minmay_wonky_spiral, layout_basic,
          ebering_ecumenical_altar_sacrificial,
          nicolae_concentric_dashed_squares_wild, minmay_hexomino_r4,
          uniq_natasha

Skill      XL: |  1  2  3 |
---------------+----------+-----
Stealth        | 1 |  1.7
Fighting       | 2 |  2.1
Dodging        | |  2.6
Evocations     | |  3.4

Action                     || total
---------------------------++-------
  Melee: Club              ||    46
         Tailslap          ||    14
         Punch             ||     6
         Short sword       ||    79
         Spear             ||     3
  Evoke: Wand              ||     1
   Stab: Sleeping          ||     3
 Armour: Skin              ||    37
  Dodge: Dodged            ||   109

Table legend: (Time is in decaauts)
 A = Elapsed time spent in this place.
 B = Non-inter-level travel time spent in this place.
 C = Inter-level travel time spent in this place.
 D = Time resting spent in this place.
 E = Time spent auto-exploring this place.
 F = Levels seen in this place.
 G = Mean time per level.
                   A        B        C        D        E       F      G
               +--------+--------+--------+--------+--------+-----+--------+
         Total |   1093 |   1057 |     36 |      0 |    574 |   2 |  546.5 |
       Dungeon |   1093 |   1057 |     36 |      0 |    574 |   2 |  546.5 |
               +--------+--------+--------+--------+--------+-----+--------+

Top non-repeatable levels by time:
     D:1: 902 daAuts
     D:2: 191 daAuts
